 Dungeon Crawl Stone Soup version 0.26-a0-1147-g3780a7a11b (webtiles) character file.

Game seed: 6035499096988954752

10023 AtlasWard the Fighter (level 11, -8/119 HPs)
             Began as an Ogre Hunter on Dec 22, 2020.
             Was a Believer of Ashenzari.
             Mangled by a blink frog (11 damage)
             ... on level 1 of the Lair of Beasts on Dec 23, 2020.
             The game lasted 00:43:30 (21507 turns).

AtlasWard the Fighter (Ogre Hunter)                Turns: 21507, Time: 00:43:30

Health: -8/119     AC:  4    Str: 20      XL:     11   Next: 55%
Magic:  0/17       EV:  7    Int: 12      God:    Ashenzari [**....]
Gold:   678        SH: 15    Dex:  9 (10) Spells: 15/18 levels left

rFire    . . .     SeeInvis .     - Unarmed
rCold    . . .     Faith    .   y - +0 tower shield (curse)
rNeg     . . .     Spirit   +   s - +1 robe {Archmagi}
rPois    +         Reflect  .   (helmet restricted)
rElec    .         Harm     .   (no cloak)
rCorr    .         Rampage  .   (gloves unavailable)
Will     +....                  (boots unavailable)
Stlth    +.........             h - amulet of guardian spirit
HPRegen  0.29/turn              C - ring of poison resistance (curse)
MPRegen  0.15/turn              D - ring of wizardry

@: no status effects
A: large, unfitting armour, tough skin 1
a: Renounce Religion, Curse Item, Scrying


You were on level 1 of the Lair of Beasts.
You worshipped Ashenzari.
Ashenzari was pleased with you.
You visited 2 branches of the dungeon, and saw 11 of its levels.

You collected 678 gold pieces.

Inventory:

Hand Weapons
 a - a +4 mace
 m - a +0 club
 v - a +0 short sword
 L - a +3 flail
 Z - a +2 dire flail of draining
Missiles
 c - 5 large rocks
 d - 2 throwing nets
 j - 351 stones
 k - 2 silver boomerangs
 t - 10 poisoned darts
 z - 10 boomerangs (quivered)
Armour
 s - a +1 robe of the Archmagi (worn)
 y - a cursed +0 tower shield (worn)
Jewellery
 b - a +6 ring of dexterity
 e - a cursed ring of attention
 h - an amulet of guardian spirit (around neck)
 p - an uncursed ring of protection from cold
 u - an uncursed ring of protection from fire
 B - an uncursed ring of stealth
 C - a cursed ring of poison resistance (left hand)
 D - a ring of wizardry (right hand)
 J - an uncursed ring of resist corrosion
Wands
 x - a wand of random effects (32)
 E - a wand of acid (6)
 G - a wand of polymorph (9)
Scrolls
 f - 2 scrolls of magic mapping
 g - 2 scrolls of immolation
 i - 2 scrolls of amnesia
 n - a scroll of teleportation
 o - 2 scrolls of remove curse
 r - 12 scrolls of identify
 F - a scroll of fog
 I - a scroll of blinking
 K - a scroll of enchant weapon
Potions
 l - 2 potions of curing
 q - a potion of berserk rage
 w - 3 potions of might
 A - 5 potions of lignification
 H - 2 potions of flight
 M - a potion of haste
 S - 2 potions of brilliance


   Skills:
 + Level 10.9 Fighting
 - Level 4.8 Maces & Flails
 - Level 8.0 Throwing
 - Level 1.7 Dodging
 - Level 0.6 Stealth
 + Level 5.4(6.9) Shields
 * Level 8.8 Unarmed Combat
 - Level 4.0 Spellcasting
 + Level 5.0 Transmutations


You had 15 spell levels left.
You knew the following spells:

 Your Spells              Type           Power        Failure   Level
a - Beastly Appendage     Tmut           42%          6%          1
b - Wereblood             Tmut           21%          10%         2

Your spell library contained the following spells:

 Spells                   Type           Power        Failure   Level
 Spider Form              Tmut/Pois      6%           45%         3
 Ice Form                 Ice/Tmut       12%          85%         4
 Blade Hands              Tmut           10%          85%         5
 Summon Demon             Summ           1%           100%        5
 Summon Forest            Summ/Tloc      1%           100%        5
 Summon Mana Viper        Hex/Summ       3%           100%        5
 Shadow Creatures         Summ           N/A          100%        6
 Summon Hydra             Summ           1%           100%        7


Dungeon Overview and Level Annotations

Branches:
Dungeon (10/15)            Temple (0/1) D:5            Lair (1/6) D:8
    Orc (0/2) D:10

Altars:
Ashenzari
Gozag
Okawaru
Qazlal
Ru
Vehumet
Xom
Zin
The Shining One

Shops:
D:6 (

Annotations:
D:9 Erolcha
D:10 Erica, Harold


Innate Abilities, Weirdness & Mutations

You are too large for most types of armour.
You have tough skin. (AC +1)


Message History

Okay, then.
The blink frog blinks! x2
The blink frog blinks! x2
The blink frog hits you but does no damage.
The blink frog blinks!
The blink frog blinks!
The blink frog hits you!
* * * LOW HITPOINT WARNING * * *
Blink to where?
Press: ? - help, Dir - move target
As you read the scroll of blinking, it crumbles to dust.
The blink frog blinks!
The blink frog blinks! x2
The blink frog hits you.
* * * LOW HITPOINT WARNING * * *
The blink frog blinks!
The blink frog blinks! x2
You hit the blink frog.
The blink frog is lightly wounded.
The blink frog hits you!
You die...

, ......................... ,
................#.#.#.#.#
,.........†............... ,
*###P###.#######.#.#>#.#.# #.....
## ### ##......... ##....#
##.#.#.#.# ##...>.# ###
#.........
.#.....#######.##########.#.#.#.#
...............F@..§...F.........
........................#.#.#.#.#
.................................
.....<..............F...#.#.#.#.#
.....#############†#.#.......####
#....############.####.....#####.
.................................
..............................F..
..............................._.


You could see 3 blink frogs.

Vanquished Creatures
  A two-headed ogre (D:8)
  Nergalle (D:9)
  Pikel (D:3)
  4 wyverns
  13 yaks
  Edmund (D:4)
  2 water moccasins (Lair:1)
  3 black bears
  4 sky beasts
  7 ice beasts
  2 orc warriors (D:9)
  3 phantoms
  4 ogres
  A lemure (D:3)
  A wolf (Lair:1)
  5 centaurs
  9 bullfrogs
  A gnoll sergeant (D:8)
  3 scorpions
  A water moccasin skeleton (D:6)
  2 howler monkeys
  10 wights
  A bullfrog zombie (D:5)
  7 hounds
  2 quasits
  3 jellies
  15 orc wizards
  5 orc priests
  A centaur skeleton (D:4)
  3 iguanas
  12 worker ants
  A killer bee zombie (D:9)
  2 hound skeletons (D:6)
  A hound zombie (D:8)
  10 adders
  9 gnolls
  2 shadow imps (D:7)
  3 white imps
  An ufetubus (D:9)
  An ooze (D:4)
  An adder zombie (D:8)
  2 adder skeletons
  2 worms
  4 dart slugs
  3 leopard geckos
  28 orcs
  11 bats
  3 giant cockroaches
  14 goblins
  4 hobgoblins
  4 jackals (D:9)
  4 quokkas
  4 ball pythons
  A ball python zombie (D:5)
  9 frilled lizards
  A jackal skeleton (D:3)
  6 kobolds
  19 rats
278 creatures vanquished.

Vanquished Creatures (others)
  15 fungi
  9 plants
24 creatures vanquished.

Grand Total: 302 creatures vanquished

Notes
Turn   | Place    | Note
-------+----------+-------------------------------------------
     0 | D:1      | AtlasWard the Ogre Hunter began the quest for the Orb.
     0 | D:1      | Reached XP level 1. HP: 22/22 MP: 1/1
    64 | D:1      | Reached skill level 3 in Fighting
    70 | D:1      | Reached XP level 2. HP: 28/31 MP: 2/2
   471 | D:1      | Found a broken altar of Ashenzari.
   616 | D:1      | Reached XP level 3. HP: 34/37 MP: 3/3
   700 | D:1      | Became a worshipper of Ashenzari the Shackled
  1523 | D:2      | Reached skill level 1 in Maces & Flails
  1665 | D:2      | Reached XP level 4. HP: 29/48 MP: 4/4
  1838 | D:2      | Reached skill level 4 in Fighting
  2718 | D:3      | Found an opulent altar of Gozag.
  3195 | D:4      | Reached skill level 5 in Throwing
  3195 | D:4      | Reached skill level 1 in Unarmed Combat
  3195 | D:4      | Reached XP level 5. HP: 43/55 MP: 3/5
  3540 | D:4      | Reached skill level 5 in Fighting
  3542 | D:4      | Noticed a lemure
  3542 | D:4      | Noticed a lemure
  3564 | D:3      | Reached XP level 6. HP: 49/66 MP: 4/6
  4075 | D:4      | Noticed Pikel
  4112 | D:3      | Killed Pikel
  4113 | D:3      | Reached skill level 6 in Fighting
  4113 | D:3      | Reached XP level 7. HP: 44/76 MP: 5/7
  4757 | D:4      | Reached XP level 8. HP: 29/84 MP: 3/8
  4930 | D:4      | Noticed Edmund
  5047 | D:4      | Killed Edmund
  5048 | D:4      | Reached skill level 7 in Fighting
  5048 | D:4      | Reached skill level 5 in Unarmed Combat
  5768 | D:4      | Learned a level 1 spell: Beastly Appendage
  5769 | D:5      | Entered Level 5 of the Dungeon
  5769 | D:5      | Found a staircase to the Ecumenical Temple.
  5990 | D:5      | Reached * piety under Ashenzari
  6239 | D:5      | Found an iron altar of Okawaru.
  6269 | D:5      | Reached skill level 1 in Spellcasting
  6651 | D:5      | Reached skill level 1 in Transmutations
  6735 | D:5      | Found a glowing silver altar of Zin.
  6778 | D:5      | Found a radiant altar of Vehumet.
  8151 | D:6      | Reached XP level 9. HP: 87/96 MP: 11/11
  8461 | D:6      | Reached skill level 1 in Shields
  8634 | D:6      | Reached skill level 8 in Fighting
  8750 | D:6      | Found Vaaclewk's Weapon Shoppe.
 11966 | D:8      | Reached XP level 10. HP: 83/103 MP: 11/15
 12042 | D:8      | Found a staircase to the Lair.
 12520 | D:7      | HP: 2/106 [wyvern (11)]
 12529 | D:7      | HP: 2/106 [wyvern (15)]
 12532 | D:7      | Reached skill level 9 in Fighting
 13608 | D:8      | Found a sacrificial altar of Ru.
 13765 | D:8      | Found a stormy altar of Qazlal.
 13962 | D:8      | Found a glowing golden altar of the Shining One.
 15281 | D:8      | Noticed a two-headed ogre
 15313 | D:8      | Killed a two-headed ogre
 15953 | D:8      | Reached skill level 10 in Fighting
 16602 | D:9      | Reached XP level 11. HP: 94/117 MP: 13/17
 16705 | D:9      | Reached ** piety under Ashenzari
 18293 | D:8      | Learned a level 2 spell: Wereblood
 18310 | D:9      | Reached skill level 5 in Shields
 18743 | D:9      | Noticed Joseph
 19026 | D:10     | Entered Level 10 of the Dungeon
 19419 | D:10     | Found a staircase to the Orcish Mines.
 19636 | D:10     | Noticed Nergalle
 19663 | D:10     | Noticed Erolcha
 19753 | D:9      | Noticed a spectral orc warlord
 19771 | D:9      | Killed Nergalle
 20187 | D:10     | Noticed Harold
 20308 | D:10     | Noticed Erica
 20311 | D:10     | Paralysed by Harold for 5 turns
 20556 | Lair:1   | Entered Level 1 of the Lair of Beasts
 21335 | Lair:1   | Found a shimmering altar of Xom.
 21431 | Lair:1   | Reached skill level 5 in Transmutations
 21505 | Lair:1   | HP: 3/119 [blink frog (5)]
 21507 | Lair:1   | Mangled by a blink frog

Illustrated notes

Levels and vault maps discovered:
D:1:      saegor_arrival_miasma, layout_basic, evilmike_ruin_ashenzari
D:2:      layout_basic, roderic_lattice_a, minmay_misc_feat_encased,
          st_stairs_5, minmay_quadrilaterals
D:3:      layout_basic, nicolae_gozag_seed_capital
D:4:      layout_rooms, uniq_edmund, uniq_pikel
D:5:      layout_layer_cave, chequers_temple_overflow_statue_of_worship,
          minmay_temple_entry_gardened_gates, okawaru_trees_2
D:6:      layout_basic, serial_shops, kennysheep_mini
D:7:      layout_rooms, serial_curves, eino_curves_03, eino_curves_03,
          eino_curves_04, minmay_splitting_lines, dk_noncrumbling_4,
          ebering_dispersal_statue_hall, grunt_ministairs_15
D:8:      layout_loops_corners, nicolae_ru_the_path_less_chosen,
          nicolae_qazlal_general_emergency, david_lair_generic, tso_metal_star
D:9:      layout_basic, nicolae_overflow_hidden_temple, minmay_holes,
          grunt_decor_mini_mirrors, uniq_joseph
D:10:     layout_basic, orc_0_dummy, serial_shops, nicolae_shop_behind_doors,
          minmay_misc_feat_rows, uniq_erolcha, uniq_erica, uniq_harold,
          uniq_nergalle
Lair:1:   layout_long_grid, basic_altar, st_stairs_10

Skill      XL: |  1  2  3  4  5  6  7  8  9 10 11 |
---------------+----------------------------------+-----
Fighting       | 3 4 5 6 7 8 10 | 10.9
Maces & Flails | 1 3 4 |  4.8
Throwing       | 5 6 7 8 |  8.0
Unarmed Combat | 1 2 4 5 7 8 |  8.8
Spellcasting   | 1 3 4 |  4.0
Transmutations | 1 3 4 5 |  5.0
Shields        | 2 4 5 |  5.4
Dodging        | |  1.7
Stealth        | |  0.6

Action                   |  1- 3 |  4- 6 |  7- 9 | 10-12 || total
-------------------------+-------+-------+-------+-------++-------
Melee: Short sword       |   124 |       |       |       ||   124
       Dagger            |     5 |   146 |   286 |   491 ||   928
       Club              |     4 |       |       |       ||     4
       Unarmed           |       |       |    25 |    60 ||    85
       Punch             |       |       |     1 |       ||     1
       Dire flail        |       |       |    57 |       ||    57
       Mace              |       |       |    32 |   159 ||   191
       Flail             |       |       |    12 |     5 ||    17
       Kick              |       |       |       |     6 ||     6
       Headbutt          |       |       |       |     2 ||     2
Throw: Stone             |     6 |     3 |     7 |       ||    16
       Dart              |     4 |    18 |    31 |    32 ||    85
       Boomerang         |       |       |    21 |    10 ||    31
 Cast: Wereblood         |       |       |       |     5 ||     5
       Beastly Appendage |       |       |       |     2 ||     2
Invok: Curse Item        |       |       |       |     2 ||     2
Evoke: Wand              |       |       |       |     1 ||     1
  Use: Potion            |     1 |       |     1 |     3 ||     5
       Scroll            |       |       |    13 |     4 ||    17
 Stab: Sleeping          |       |     1 |       |       ||     1
Armor: Robe              |    38 |    39 |    87 |   136 ||   300
Dodge: Dodged            |    79 |    63 |    96 |   159 ||   397
Block: Tower shield      |       |       |   165 |   569 ||   734

Table legend: (Time is in decaauts)
 A = Elapsed time spent in this place.
 B = Non-inter-level travel time spent in this place.
 C = Inter-level travel time spent in this place.
 D = Time resting spent in this place.
 E = Time spent auto-exploring this place.
 F = Levels seen in this place.
 G = Mean time per level.
                   A        B        C        D        E       F      G
               +--------+--------+--------+--------+--------+-----+--------+
         Total |  21661 |  21087 |    574 |     23 |  17725 |  11 | 1969.2 |
       Dungeon |  20712 |  20138 |    574 |     23 |  16922 |  10 | 2071.2 |
          Lair |    948 |    948 |      0 |      0 |    803 |   1 |  948.0 |
               +--------+--------+--------+--------+--------+-----+--------+

Top non-repeatable levels by time:
     D:8: 3910 daAuts
     D:9: 3412 daAuts
     D:6: 3053 daAuts
     D:4: 2222 daAuts
     D:5: 2019 daAuts
     D:7: 1873 daAuts
     D:1: 1314 daAuts
     D:3: 1240 daAuts
     D:2: 1161 daAuts
  Lair:1: 948 daAuts
    D:10: 504 daAuts
